 Dungeon Crawl Stone Soup version 0.29-a0-317-gd16b76e6b1 (webtiles) character file.

Game seed: 12047956861950877028

56012 Dabor the Jinx (level 13, -16/103 HPs)
             Began as a Demonspawn Transmuter on Apr 1, 2022.
             Was the Champion of Jiyva.
             Demolished by an orc warrior
             ... wielding a +0 halberd
              (19 damage)
             ... on level 1 of the Orcish Mines.
             The game lasted 00:33:33 (14046 turns).

Dabor the Jinx (Demonspawn Transmuter)             Turns: 14046, Time: 00:33:34

Health: -16/103    AC: 31    Str: 15    XL:     13   Next: 88%
Magic:  37/38      EV: 21    Int: 25    God:    Jiyva [******]
Gold:   783        SH:  4    Dex: 16    Spells: 14/30 levels left

rFire   + + +      SeeInvis +   S - +10 bardiche of the Lusting Gods {protect, Contam rPois Int+5 SInv}
rCold   . . .      Faith    .   (shield currently unavailable)
rNeg    + . .      Spirit   .   t - +1 chain mail of the Furrier {rF+ Str+3}
rPois   +          Reflect  .   O - +3 hat of Pondering {ponderous, Will+ MP+10 Int+5}
rElec   .          Harm     .   s - +2 cloak
rCorr   +          Rampage  .   (no gloves)
Will    ++...                   v - +2 pair of boots
Stlth   ..........              (no amulet)
HPRegen 1.87/turn               M - ring "Recwozxu" {rPois rN+ EV+4 Str-5}
MPRegen 0.76/turn               H - +4 ring of evasion

@: calling ooze, slow
A: icy blue scales 2, demonic guardian 3, icemail 1, condensation shield,
antennae 2, fire resistance 2, high MP 1, strong-willed 1, passive freeze,
strong 2, gelatinous body 3, jelly absorbing missiles, engulf
}: 1/15 runes: slimy
a: Renounce Religion, Oozemancy, Slimify


You were on level 1 of the Orcish Mines.
You worshipped Jiyva.
Jiyva was exalted by your worship.
You visited 4 branches of the dungeon, and saw 23 of its levels.

You collected 783 gold pieces.

Inventory:

Hand Weapons
 S - the +10 bardiche of the Lusting Gods (weapon) {protect, Contam rPois Int+5 SInv}
   (You found it on level 5 of the Pits of Slime)

   It grants its wielder temporary protection when it strikes (+7 to AC).
   Int:       It affects your intelligence (+5).
   rPois:     It protects you from poison.
   SInv:      It lets you see invisible.
   Contam:    It causes magical contamination when unequipped.
Missiles
 k - 25 poisoned darts
Armour
 d - a +2 robe of willpower
 s - a +2 cloak (worn)
 t - the +1 chain mail of the Furrier (worn) {rF+ Str+3}
   (You found it on level 6 of the Dungeon)

   Str:       It affects your strength (+3).
   rF:        It protects you from fire.
 v - a +2 pair of boots (worn)
 O - the +3 hat of Pondering (worn) {ponderous, Will+ MP+10 Int+5}
   (You found it on level 5 of the Lair of Beasts)

   Int:       It affects your intelligence (+5).
   MP:        It affects your magic capacity (+10).
   Will:      It increases your willpower.
 R - the +3 crown of Dyrovepreva {rElec Int+2 SInv}
   (You found it on level 5 of the Pits of Slime)

   Int:       It affects your intelligence (+2).
   rElec:     It insulates you from electricity.
   SInv:      It lets you see invisible.
Jewellery
 q - a ring of wizardry
 H - a +4 ring of evasion (right hand)
 I - a ring of willpower
 M - the ring "Recwozxu" (left hand) {rPois rN+ EV+4 Str-5}
   (You found it on level 5 of the Pits of Slime)

   [ring of evasion]

   EV:        It affects your evasion (+4).
   Str:       It affects your strength (-5).
   rPois:     It protects you from poison.
   rN:        It protects you from negative energy.
Wands
 a - a wand of mindburst (24)
 y - a wand of polymorph (6) (quivered)
 A - a wand of charming (5)
 F - a wand of paralysis (4)
Scrolls
 c - 8 scrolls of teleportation
 h - a scroll of brand weapon
 r - a scroll of amnesia
 x - a scroll of magic mapping
 G - 2 scrolls of immolation
 K - a scroll of fear
 L - a scroll of blinking
 N - a scroll of enchant weapon
 P - a scroll of identify
Potions
 b - a potion of lignification
 e - a potion of invisibility
 g - 2 potions of might {unknown}
 i - a potion of resistance {unknown}
 j - 2 potions of mutation {unknown}
 n - a potion of experience {unknown}
 o - a potion of flight {unknown}
 w - a potion of cancellation {unknown}
 z - 2 potions of heal wounds
 B - 3 potions of haste {unknown}
 C - a potion of brilliance {unknown}
 D - a potion of ambrosia {unknown}
 E - a potion of berserk rage {unknown}
 J - a potion of curing
Miscellaneous
 l - a lightning rod (3/4)


   Skills:
 * Level 10.0 Fighting
 + Level 1.0 Polearms
 + Level 7.0 Armour
 * Level 9.1 Dodging
 - Level 9.3 Unarmed Combat
 * Level 9.1 Spellcasting
 - Level 10.0 Hexes
 - Level 7.0 Transmutations
 - Level 4.0 Earth Magic


You had 14 spell levels left.
You knew the following spells:

 Your Spells              Type           Power      Damage    Failure   Level
a - Beastly Appendage     Tmut           92%        N/A       4%          1
b - Wereblood             Tmut           46%        N/A       7%          2
c - Tukima's Dance        Hex            57%        N/A       4%          3
d - Cause Fear            Hex            28%        N/A       14%         4
e - Passwall              Tmut/Erth      31%        N/A       13%         2
f - Leda's Liquefaction   Hex/Erth       23%        N/A       43%         4

Your spell library contained the following spells:

 Spells                   Type           Power      Damage    Failure   Level
 Slow                     Hex            100%       N/A       1%          1
 Confusing Touch          Hex            57%        N/A       4%          3
 Sandblast                Erth           62%        2d14      16%         1
 Inner Flame              Hex/Fire       36%        N/A       32%         3
 Portal Projectile        Hex/Tloc       72%        N/A       32%         3
 Spider Form              Tmut/Pois      28%        N/A       52%         3
 Anguish                  Hex/Necr       18%        N/A       71%         4
 Stone Arrow              Conj/Erth      42%        3d9       73%         3
 Corpse Rot               Necr/Air       22%        N/A       77%         2
 Poisonous Vapours        Pois/Air       22%        N/A       77%         2
 Ice Form                 Ice/Tmut       28%        N/A       89%         4
 Call Canine Familiar     Summ           11%        N/A       94%         3
 Vampiric Draining        Necr           11%        2d6       94%         3
 Enfeeble                 Hex            28%        N/A       100%        7
 Discord                  Hex            28%        N/A       100%        8


Dungeon Overview and Level Annotations

Branches:
Dungeon (11/15)            Temple (0/1) D:7            Lair (6/6) D:9
  Swamp (0/4) Lair:4       Spider (0/4) Lair:3        Slime (5/5) Lair:6
    Orc (1/2) D:11

Altars:
Ashenzari
Cheibriados
Makhleb
Uskayaw
Yredelemnul
Zin
Beogh
Jiyva

Shops:
D:11 :

Annotations:
Slime:5 Royal Jelly


Innate Abilities, Weirdness & Mutations

You are mostly covered in icy blue scales. (AC +3)
A powerful demonic guardian rushes to your aid.
A meltable icy envelope protects you from harm. (AC +4)
A meltable shield of frost defends you. (SH +4)
You have a pair of antennae on your head.
Your flesh is very heat resistant. (rF++)
You have an increased reservoir of magic. (+10% MP)
You are strong-willed. (Will+)
A frigid envelope surrounds you and freezes all who hurt you.
Your muscles are very strong. (Str +4)
Your gelatinous body deflects attacks. (AC +3, EV +3)
You have a small jelly attached to you that may absorb projectiles.
Your melee attacks may engulf your foes in ooze.


Message History

Slime begins to ooze from the nearby walls!
The wall burns the orc priest!
The walls burn the orc knight!
The orc knight hits you with a +1 vorpal war axe!
The orc knight is very cold.
The orc knight is lightly wounded.
The wall burns the orc priest!
The walls burn the orc knight!
The orc knight hits you with a +0 great sword!
The orc knight is very cold.
The orc knight is lightly wounded.
An orc warrior comes into view. It is wielding a +0 scimitar.
The walls burn the orc knight!
The wall burns the troll!
The troll closely misses you. x3; The wall burns the orc warrior!
You closely miss the troll.
The troll is lightly wounded.
The sentinel's mark upon you fades away.
The walls burn the orc warrior!
The orc wizard casts a spell.
The orc wizard flickers and vanishes for a moment.
The wall burns the orc!
You kill the orc!
The walls burn the orc warrior!
The orc warrior hits you from afar with a +0 halberd!
The wall burns the orc priest! x2
The orc priest invokes the aid of Beogh against you.
Beogh smites you!
The walls burn the orc knight!
The wall burns the troll!
The troll barely misses you. The troll completely misses you.
The troll claws you but does no damage.
The walls burn the orc knight! x2
The walls burn the orc warrior!
An orc warrior comes into view. It is wielding a +0 mace.
The walls burn the orc knight!
The orc knight barely misses you.
The orc knight hits you with a +1 vorpal war axe!!
* * * LOW HITPOINT WARNING * * *
You shudder from the blow and a jelly pops out!
A demonic guardian appears!
* * * LOW HITPOINT WARNING * * *
The orc knight is very cold.
The orc knight is moderately wounded.
The walls burn the orc warrior!
The orc warrior hits you from afar with a +0 halberd!!
You die...

#................#
#o......)#.....##
###.o....##)#)....#
##........#.).)...##
###...oT.......)..###
##.##..oo)o..##....#
##...##.#o#oo.###...##
....#)..To.#{###.....###
#..).o@#.#.#....)...##
......#3.J..............#
#...>..[.^#.#...........#
##....$............###.##
#............#....#....##
#........................#
##.#.$.##.....##.....#..##
####.. ..≈≈≈..#........##
##. ≈≈≈≈≈.#.........#


You could see 3 orc knights, 2 trolls, 5 orc warriors, 2 orc priests, an orc
wizard (strong, invisible), a friendly acid blob (summoned) and a friendly sun
demon (summoned).

Vanquished Creatures
  The ghost of Morbidden the Cleaver, a journeyman DDFi of Makhleb (Lair:3)
  Fannar (Lair:1)
  3 hydras
  An orc high priest (Orc:1)
  A goliath frog (Lair:6)
  An orc knight (Orc:1)
  2 bog bodies (Lair:4)
  A lindwurm (Lair:4)
  2 orc sorcerers (Orc:1)
  An oklob plant (Lair:6)
  5 elephants (Lair:5)
  Maurice (D:9)
  3 black mambas
  The ghost of Murumi the Skirmisher, a novice FoAK of Lugonu (D:4)
  19 cane toads
  A gargoyle (D:11)
  2 rime drakes
  An unseen horror (D:6)
  4 komodo dragons
  4 trolls
  A wandering mushroom (Lair:6)
  2 tyrant leeches (Lair:6)
  2 hornets
  23 blink frogs
  Sigmund (D:5)
  A shadow (D:10)
  A wraith (D:10)
  11 yaks
  3 basilisks
  2 water elementals (D:11)
  4 wyverns
  5 vampire mosquitoes (Lair:6)
  A steam dragon (D:8)
  A warg (Orc:1)
  2 swamp worms (Lair:4)
  2 acid dragons
  16 water moccasins
  10 orc warriors
  2 ice beasts (D:6)
  A sky beast (D:8)
  3 black bears
  3 ogres
  14 wolves
  A centaur (D:9)
  2 kobold brigands
  Blork the orc (D:4)
  23 bullfrogs
  4 scorpions
  A necrophage (D:8)
  A gnoll sergeant (D:7)
  13 wights
  5 killer bees (D:8)
  An electric eel (D:11)
  A hound (D:5)
  A human zombie (D:8)
  A centaur zombie (D:8)
  8 orc priests
  Crazy Yiuf (D:5)
  2 iguanas
  5 orc wizards
  3 killer bee zombies (D:8)
  2 mummies (D:8)
  5 gnolls (D:7)
  6 adders
  A river rat (Lair:3)
  A shadow imp (D:5)
  2 white imps (D:5)
  53 orcs
  4 bats
  4 endoplasms (D:1)
  2 giant cockroaches (D:3)
  4 goblins
  A hobgoblin (D:1)
  3 jackals (D:3)
  22 kobolds
  4 quokkas
  5 ball pythons
  4 frilled lizards
  5 rats (D:1)
  A ballistomycete spore (Lair:6)
369 creatures vanquished.

Vanquished Creatures (collateral kills)
  Snorg (Lair:4)
  A two-headed ogre (D:10)
  A death yak (Lair:5)
  An oklob plant (Lair:6)
  A cyclops (D:11)
  4 cane toads
  A tyrant leech (Lair:6)
  3 blink frogs (Lair:6)
  A hornet (D:7)
  7 yaks
  3 water moccasins
  A sky beast (D:7)
  An ogre (D:7)
  2 bullfrogs
  2 electric eels
  A howler monkey zombie (D:8)
  An adder (D:2)
  An endoplasm (D:1)
  A hobgoblin (D:3)
34 creatures vanquished.

Vanquished Creatures (others)
  A cane toad (Lair:6)
  2 rime drakes
  A blink frog (Lair:6)
  Eustachio (D:5)
  A yak (Lair:3)
  A dancing weapon (D:9)
  2 centaurs
  A kobold brigand (D:8)
  2 bullfrogs
  A necrophage (D:6)
  A ballistomycete (Lair:6)
  A howler monkey (D:6)
  An electric eel (Lair:1)
  44 jellies
  A hound (D:6)
  4 orc priests
  4 orc wizards
  6 adders
  A white imp (D:3)
  2 dart slugs (D:4)
  5 endoplasms
  8 orcs
  A giant cockroach (D:3)
  A goblin (D:2)
  2 kobolds (D:3)
  A ball python (D:4)
  A frilled lizard (D:2)
  3 ballistomycete spores (Lair:6)
  72 fungi
  135 plants
  2 withered plants (Lair:3)
309 creatures vanquished.

Grand Total: 712 creatures vanquished

Notes
Turn   | Place    | Note
-------+----------+-------------------------------------------
     0 | D:1      | Dabor the Demonspawn Transmuter began the quest for the
                  | Orb.
     0 | D:1      | Reached XP level 1. HP: 15/15 MP: 3/3
    29 | D:1      | Found a faded altar of an unknown god.
   597 | D:1      | Gained mutation: A weak demonic guardian rushes to your
                  | aid. [demonic ancestry]
   597 | D:1      | Reached XP level 2. HP: 19/21 MP: 3/5
  1650 | D:1      | Prayed at the altar of an unknown god.
  1650 | D:1      | Became a worshipper of Jiyva Jykeomn the Shapeless
  1650 | D:1      | Reached * piety under Jiyva
  1698 | D:2      | Reached XP level 3. HP: 12/26 MP: 6/6
  1739 | D:2      | Learned a level 2 spell: Wereblood
  2366 | D:3      | Gained mutation: You are partially covered in icy blue
                  | scales. (AC +2) [demonic ancestry]
  2366 | D:3      | Reached XP level 4. HP: 32/33 MP: 7/7
  2471 | D:3      | Reached ** piety under Jiyva
  2613 | D:3      | Identified the +1 helmet "Qeypir Ceusa" {rElec rF- rC-
                  | Dex+4}
  2890 | D:4      | Found a runed translucent door.
  2890 | D:4      | Noticed Murumi's ghost (novice FoAK)
  2921 | D:4      | Noticed Blork the orc
  2932 | D:4      | Killed Blork the orc
  2933 | D:4      | Gained mutation: A meltable shield of frost defends you.
                  | (SH +4) [demonic ancestry]
  2933 | D:4      | Reached XP level 5. HP: 19/38 MP: 7/9
  3156 | D:4      | Reached *** piety under Jiyva
  3163 | D:4      | Gained mutation: You have an increased reservoir of magic.
                  | (+10% MP) [Jiyva's grace]
  3163 | D:4      | Gained mutation: You have a considerably increased
                  | reservoir of magic. (+20% MP) [Jiyva's grace]
  3163 | D:4      | Gained mutation: You have a greatly increased reservoir of
                  | magic. (+30% MP) [Jiyva's grace]
  3163 | D:4      | Gained mutation: Your flesh is cold resistant. (rC+)
                  | [Jiyva's grace]
  3412 | D:4      | Killed Murumi's ghost
  3450 | D:5      | Entered Level 5 of the Dungeon
  3459 | D:5      | Reached XP level 6. HP: 26/46 MP: 13/13
  3574 | D:5      | Learned a level 3 spell: Tukima's Dance
  3676 | D:5      | Reached skill level 1 in Hexes
  3765 | D:5      | Found a runed translucent door.
  3766 | D:5      | Noticed Crazy Yiuf
  3810 | D:5      | Killed Eustachio
  3830 | D:5      | Reached **** piety under Jiyva
  3900 | D:5      | Noticed Sigmund
  3914 | D:5      | Killed Sigmund
  3915 | D:5      | Gained mutation: You are mostly covered in icy blue scales.
                  | (AC +3) [demonic ancestry]
  3915 | D:5      | Reached XP level 7. HP: 42/52 MP: 15/15
  4195 | D:5      | Killed Crazy Yiuf
  4279 | D:6      | Identified the +1 chain mail of the Furrier {rF+ Str+3}
  4361 | D:6      | Killed an unseen horror
  4362 | D:6      | Gained mutation: A meltable icy envelope protects you from
                  | harm. (AC +4) [demonic ancestry]
  4362 | D:6      | Reached XP level 8. HP: 47/60 MP: 15/18
  4935 | D:7      | Reached ***** piety under Jiyva
  4948 | D:7      | Noticed a hornet
  4956 | D:7      | Reached skill level 5 in Unarmed Combat
  4956 | D:7      | Killed a hornet
  4957 | D:7      | Reached skill level 5 in Hexes
  4957 | D:7      | Gained mutation: A demonic guardian rushes to your aid.
                  | [demonic ancestry]
  4957 | D:7      | Reached XP level 9. HP: 11/67 MP: 20/20
  5010 | D:7      | Identified the +1 scale mail of Resonance {Rampage SInv}
  5034 | D:7      | Reached skill level 5 in Fighting
  5087 | D:7      | Lost mutation: You have a greatly increased reservoir of
                  | magic. (+30% MP) [Jiyva's grace]
  5087 | D:7      | Gained mutation: Your body has grown eyes which may confuse
                  | attackers. (Acc +3) [Jiyva's grace]
  5087 | D:7      | Gained mutation: Your body has grown many eyes which may
                  | confuse attackers. (Acc +5) [Jiyva's grace]
  5087 | D:7      | Gained mutation: Your body is covered in eyes which may
                  | confuse attackers. (Acc +7, SInv) [Jiyva's grace]
  5087 | D:7      | Gained mutation: Your rubbery body absorbs attacks. (AC +1,
                  | EV +1) [Jiyva's grace]
  5161 | D:7      | Reached skill level 5 in Spellcasting
  5197 | D:7      | Found a staircase to the Ecumenical Temple.
  5280 | D:7      | Found a burning altar of Makhleb.
  5487 | D:7      | Found a snail-covered altar of Cheibriados.
  5497 | D:7      | Found a hide-covered altar of Uskayaw.
  5534 | D:8      | Reached skill level 5 in Transmutations
  5537 | D:8      | Reached skill level 5 in Dodging
  5727 | D:8      | Found a basalt altar of Yredelemnul.
  5818 | D:8      | Reached XP level 10. HP: 76/76 MP: 21/21
  6198 | D:9      | Identified the +3 dagger of Valour {pain, Drain rPois Int+2
                  | Dex+5}
  6201 | D:9      | Noticed Maurice
  6213 | D:9      | Killed Maurice
  6387 | D:9      | Found a broken altar of Ashenzari.
  6411 | D:9      | Learned a level 4 spell: Cause Fear
  6613 | D:9      | Found a staircase to the Lair.
  6801 | D:10     | Entered Level 10 of the Dungeon
  6801 | D:10     | Noticed a two-headed ogre
  6801 | D:10     | Lost mutation: Your body is covered in eyes which may
                  | confuse attackers. (Acc +7, SInv) [Jiyva's grace]
  6801 | D:10     | Gained mutation: A frigid envelope surrounds you and
                  | freezes all who hurt you. [Jiyva's grace]
  6801 | D:10     | Gained mutation: You passively map a small area around you.
                  | [Jiyva's grace]
  6801 | D:10     | Gained mutation: You passively map the area around you.
                  | [Jiyva's grace]
  6801 | D:10     | Gained mutation: You passively map a large area around you.
                  | [Jiyva's grace]
  6805 | D:10     | Killed a two-headed ogre
  6806 | D:10     | Reached skill level 1 in Armour
  7005 | D:10     | Reached ****** piety under Jiyva
  7427 | D:11     | Noticed a gargoyle
  7445 | D:11     | Killed a gargoyle
  7607 | D:11     | Gained mutation: A powerful demonic guardian rushes to your
                  | aid. [demonic ancestry]
  7607 | D:11     | Reached XP level 11. HP: 77/81 MP: 23/23
  7641 | D:11     | Found Wennudojops's Book Shoppe.
  7806 | D:11     | Reached skill level 10 in Hexes
  7830 | D:11     | Found a staircase to the Orcish Mines.
  7882 | D:11     | Lost mutation: You have a considerably increased reservoir
                  | of magic. (+20% MP) [Jiyva's grace]
  7882 | D:11     | Lost mutation: You passively map a large area around you.
                  | [Jiyva's grace]
  7882 | D:11     | Lost mutation: Your body has grown many eyes which may
                  | confuse attackers. (Acc +5) [Jiyva's grace]
  7882 | D:11     | Lost mutation: Your body has grown eyes which may confuse
                  | attackers. (Acc +3) [Jiyva's grace]
  7882 | D:11     | Gained mutation: You possess an exceptional clarity of
                  | mind. [Jiyva's grace]
  7882 | D:11     | Gained mutation: Your pliable body absorbs attacks. (AC +2,
                  | EV +2) [Jiyva's grace]
  7882 | D:11     | Gained mutation: Your gelatinous body deflects attacks. (AC
                  | +3, EV +3) [Jiyva's grace]
  7882 | D:11     | Gained mutation: You have a small jelly attached to you
                  | that may absorb projectiles. [Jiyva's grace]
  8064 | Lair:1   | Entered Level 1 of the Lair of Beasts
  8236 | Lair:1   | Reached skill level 5 in Armour
  8265 | Lair:1   | Noticed Fannar
  8321 | Lair:1   | Killed Fannar
  9096 | Lair:2   | Learned a level 2 spell: Passwall
  9640 | Lair:3   | Lost mutation: You possess an exceptional clarity of mind.
                  | [Jiyva's grace]
  9640 | Lair:3   | Lost mutation: You passively map the area around you.
                  | [Jiyva's grace]
  9640 | Lair:3   | Gained mutation: You have a pair of small antennae on your
                  | head. [Jiyva's grace]
  9640 | Lair:3   | Gained mutation: You have a pair of antennae on your head.
                  | [Jiyva's grace]
  9640 | Lair:3   | Gained mutation: You have a pair of large antennae on your
                  | head. (SInv) [Jiyva's grace]
  9640 | Lair:3   | Gained mutation: You are strong-willed. (Will+) [Jiyva's
                  | grace]
  9740 | Lair:3   | Found a runed translucent door.
  9740 | Lair:3   | Noticed Morbidden's ghost (journeyman DDFi)
  9772 | Lair:3   | Killed Morbidden's ghost
  9784 | Lair:3   | Found a hole to the Spider Nest.
  9815 | Lair:3   | Reached skill level 1 in Earth Magic
  9875 | Lair:3   | Reached XP level 12. HP: 66/91 MP: 24/24
 10840 | Lair:4   | Lost mutation: You have a pair of large antennae on your
                  | head. (SInv) [Jiyva's grace]
 10840 | Lair:4   | Lost mutation: Your flesh is cold resistant. (rC+) [Jiyva's
                  | grace]
 10840 | Lair:4   | Gained mutation: Your melee attacks may engulf your foes in
                  | ooze. [Jiyva's grace]
 10840 | Lair:4   | Gained mutation: You have acidic saliva. [Jiyva's grace]
 10840 | Lair:4   | Gained mutation: You have large cloven feet. [Jiyva's
                  | grace]
 10840 | Lair:4   | Gained mutation: You have hoof-like feet. [Jiyva's grace]
 10857 | Lair:4   | Noticed an eight-headed hydra
 10864 | Lair:4   | Killed an eight-headed hydra
 10976 | Lair:4   | Noticed Snorg
 10983 | Lair:4   | Killed Snorg
 11337 | Lair:4   | Found a staircase to the Swamp.
 11466 | Lair:4   | Identified the +2 long sword of Haxeff {vorpal, *Rage rF+
                  | MP+9}
 11563 | Lair:5   | Noticed a death yak
 11590 | Lair:5   | Killed a death yak
 11814 | Lair:5   | Reached XP level 13. HP: 99/99 MP: 27/27
 11866 | Lair:5   | Found the +3 hat of Pondering {ponderous, Will+ MP+10
                  | Int+5}
 12307 | Lair:6   | Entered Level 6 of the Lair of Beasts
 12785 | Lair:6   | Lost mutation: You have hoof-like feet. [Jiyva's grace]
 12785 | Lair:6   | Lost mutation: You have large cloven feet. [Jiyva's grace]
 12785 | Lair:6   | Lost mutation: You passively map a small area around you.
                  | [Jiyva's grace]
 12785 | Lair:6   | Lost mutation: You have acidic saliva. [Jiyva's grace]
 12785 | Lair:6   | Gained mutation: Your muscles are strong. (Str +2) [Jiyva's
                  | grace]
 12785 | Lair:6   | Gained mutation: Your muscles are very strong. (Str +4)
                  | [Jiyva's grace]
 12785 | Lair:6   | Gained mutation: Your flesh is heat resistant. (rF+)
                  | [Jiyva's grace]
 12785 | Lair:6   | Gained mutation: Your flesh is very heat resistant. (rF++)
                  | [Jiyva's grace]
 13000 | Lair:6   | Found a staircase to the Slime Pits.
 13073 | Slime:1  | Entered Level 1 of the Pits of Slime
 13090 | Slime:1  | Noticed an acid blob
 13093 | Slime:2  | Noticed a quicksilver ooze
 13100 | Slime:2  | Noticed a quicksilver ooze
 13101 | Slime:3  | Noticed a quicksilver ooze
 13101 | Slime:3  | Noticed a rockslime
 13118 | Slime:5  | Entered Level 5 of the Pits of Slime
 13129 | Slime:5  | Noticed a quicksilver ooze
 13138 | Slime:5  | Noticed a rockslime
 13138 | Slime:5  | Noticed an acid blob
 13141 | Slime:5  | Found a viscous altar of Jiyva.
 13141 | Slime:5  | Noticed an azure jelly
 13141 | Slime:5  | Noticed a quicksilver ooze
 13141 | Slime:5  | Noticed a quicksilver ooze
 13141 | Slime:5  | Noticed an acid blob
 13143 | Slime:5  | Noticed an acid blob
 13145 | Slime:5  | Identified the ring "Recwozxu" {rPois rN+ EV+4 Str-5}
 13145 | Slime:5  | Found the +3 crown of Dyrovepreva {rElec Int+2 SInv}
 13147 | Slime:5  | Noticed an acid blob
 13148 | Slime:5  | Noticed the Royal Jelly
 13152 | Slime:5  | Identified the +4 scimitar "Ruiwnum" {antimagic, Dex+7}
 13162 | Slime:5  | Identified the +10 bardiche of the Lusting Gods {protect,
                  | Contam rPois Int+5 SInv}
 13171 | Slime:5  | Got a slimy rune of Zot
 13185 | Slime:5  | Learned a level 4 spell: Leda's Liquefaction
 13241 | Slime:4  | Noticed a quicksilver ooze
 13261 | Slime:2  | Noticed an acid blob
 13265 | Slime:2  | Noticed a quicksilver ooze
 13900 | Orc:1    | Entered Level 1 of the Orcish Mines
 14000 | Orc:1    | Reached skill level 10 in Fighting
 14000 | Orc:1    | Reached skill level 1 in Polearms
 14046 | Orc:1    | HP: 5/103 [orc knight/+1 vorpal war axe (32)]
 14046 | Orc:1    | Demolished by an orc warrior

Illustrated notes

Levels and vault maps discovered:
D:1:      dpeg_arrival_renting, layout_basic, shapermc_ecumenical_altar_venn
D:2:      layout_rooms, small_statue_intersection, kennysheep_generic_room_13
D:3:      layout_basic
D:4:      layout_basic, hellmonk_ghost_happy_afterlife, minmay_quadrilaterals,
          uniq_blork_the_orc
D:5:      layout_loops_cross, zin_scriptorium, minmay_door_square,
          uniq_crazy_yiuf_cottage, uniq_eustachio, uniq_sigmund
D:6:      minmay_spotlight, layout_cave_pools
D:7:      layout_rooms, bloody_makhleb, amethyst_overflow_temple_binary,
          minmay_temple_entry_glassed_door, palyth_stone_intersect,
          minmay_fractal_squares_diagonal_5
D:8:      layout_rooms, lemuel_mausoleum_altar_yredelemnul
D:9:      layout_roguey [special_room_orc], ashenzari_conservatory_becter,
          lair_entry_dummy, kennysheep_generic_room_12, uniq_maurice
D:10:     layout_irregular_city
D:11:     layout_basic, david_orc_4, serial_shops, nicolae_shop_statue_plus
Lair:1:   statuecave_lemuel, layout_misc_corridors, lemuel_fruit_tree,
          grunt_megastairs_1, uniq_fannar
Lair:2:   layout_big_grid
Lair:3:   layout_concentric_octagons, dummy_spider_entry, gammafunk_ghost_grave,
          pond
Lair:4:   layout_regular_city, nicolae_swamp_entry_splash_gauntlet, uniq_snorg
Lair:5:   layout_big_grid, beast_lair_carwin_8
Lair:6:   minmay_lair_end_frog_pond, layout_loops_ring,
          minmay_slime_entry_oklob_enclosed
Slime:1:  layout_caves, cheibrodos_slime_lost_civilization_4
Slime:2:  layout_caves
Slime:3:  layout_caves
Slime:4:  layout_caves
Slime:5
Orc:1:    nicolae_orc_accident_2, layout_caves, serial_shops,
          nicolae_lakefront_shop

Skill      XL: |  1  2  3  4  5  6  7  8  9 10 11 12 13 |
---------------+----------------------------------------+-----
Dodging        | 2 3 4 5 6 7 9 |  9.1
Transmutations | 2 3 4 5 6 7 |  7.0
Unarmed Combat | 3 4 5 6 7 8 9 |  9.3
Fighting       | 2 3 4 5 6 7 8 10 | 10.0
Spellcasting   | 3 4 5 6 7 9 |  9.1
Hexes          | 2 3 5 6 9 10 | 10.0
Armour         | 3 5 6 7 |  7.0
Earth Magic    | 1 3 4 |  4.0
Polearms       | 1 |  1.0

Action                   |  1- 3 |  4- 6 |  7- 9 | 10-12 | 13-15 || total
-------------------------+-------+-------+-------+-------+-------++-------
Melee: Unarmed           |   104 |       |       |    87 |   273 ||   464
       Headbutt          |    19 |     6 |    14 |     7 |       ||    46
       Kick              |    15 |     8 |    22 |    74 |    45 ||   164
       Punch             |     2 |     2 |     6 |    11 |    23 ||    44
       Hand axe          |       |    91 |   202 |       |       ||   293
       Dire flail        |       |       |    29 |   449 |       ||   478
       Bite              |       |       |       |    24 |    32 ||    56
       Bardiche          |       |       |       |       |    67 ||    67
Throw: Dart              |       |       |       |       |     1 ||     1
 Cast: Beastly Appendage |    23 |     6 |     9 |    18 |     6 ||    62
       Wereblood         |     1 |     1 |     8 |    18 |    10 ||    38
       Tukima's Dance    |       |       |       |     1 |       ||     1
       Leda's Liquefacti |       |       |       |       |     1 ||     1
Invok: Oozemancy         |       |       |     1 |     2 |     1 ||     4
Evoke: Wand              |       |       |       |     3 |    19 ||    22
       Lightning rod     |       |       |       |       |     2 ||     2
  Use: Potion            |     1 |     2 |       |     1 |       ||     4
       Scroll            |       |     2 |     3 |     6 |     6 ||    17
 Stab: Sleeping          |     1 |       |       |       |       ||     1
       Distracted        |       |     1 |       |     1 |       ||     2
       Confused          |       |       |     4 |     7 |       ||    11
Armor: Robe              |    28 |    32 |    14 |       |       ||    74
       Chain mail        |       |       |   186 |   323 |   196 ||   705
Dodge: Dodged            |    77 |    62 |   129 |   384 |   403 ||  1055
Block: Other             |       |    12 |    57 |   109 |    68 ||   246

Table legend: (Time is in decaauts)
 A = Elapsed time spent in this place.
 B = Non-inter-level travel time spent in this place.
 C = Inter-level travel time spent in this place.
 D = Time resting spent in this place.
 E = Time spent auto-exploring this place.
 F = Levels seen in this place.
 G = Mean time per level.
                   A        B        C        D        E       F      G
               +--------+--------+--------+--------+--------+-----+--------+
         Total |  14400 |  13487 |    913 |    323 |   9194 |  23 |  626.1 |
       Dungeon |   8292 |   7829 |    463 |    286 |   5463 |  11 |  753.8 |
          Lair |   5682 |   5329 |    353 |     37 |   3669 |   6 |  947.0 |
    Slime Pits |    217 |    122 |     95 |      0 |     11 |   5 |   43.4 |
  Orcish Mines |    208 |    208 |      0 |      0 |     50 |   1 |  208.0 |
               +--------+--------+--------+--------+--------+-----+--------+

Top non-repeatable levels by time:
     D:1: 1666 daAuts
  Lair:6: 1243 daAuts
  Lair:4: 1054 daAuts
  Lair:3: 920 daAuts
  Lair:5: 850 daAuts
     D:9: 850 daAuts
  Lair:1: 845 daAuts
     D:5: 815 daAuts
  Lair:2: 768 daAuts
     D:7: 669 daAuts
    D:11: 660 daAuts
     D:6: 638 daAuts
     D:3: 632 daAuts
    D:10: 624 daAuts
     D:4: 602 daAuts
